 Dungeon Crawl Stone Soup version 0.30-a0-779-g7971cf19c3 (webtiles) character file.

Game seed: 7234337654776071330

41 cforsyth the Firebug (level 3, -5/19 HPs)
             Began as a Tengu Fire Elementalist on Feb 17, 2023.
             Killed by nerve-wracking pain
             ... invoked by Jessica
              (8 damage)
             ... on level 2 of the Dungeon.
             The game lasted 00:02:42 (1817 turns).

cforsyth the Firebug (Tengu Fire Elementalist)      Turns: 1817, Time: 00:02:43

Health: -5/19      AC:  4    Str:  7 (10) XL:     3   Next: 52%
Magic:  0/7        EV: 12    Int: 13 (15) God:
Gold:   47         SH:  0    Dex: 12 (14) Spells: 4/7 levels left

rFire   . . .      SeeInvis .    (no weapon)
rCold   . . .      Faith    .    (no shield)
rNeg    . . .      Spirit   .    a - +0 robe
rPois   .          Reflect  .    (helmet restricted)
rElec   .          Harm     .    (no cloak)
rCorr   .          Rampage  .    l - +1 pair of gloves
Will    .....                    (boots unavailable)
Stlth   ++                       (no amulet)
HPRegen 0.23/turn                (no ring)
MPRegen 0.10/turn                (no ring)

@: attractive
A: beak, talons 3
a: no special abilities


You were on level 2 of the Dungeon.
You visited 1 branch of the dungeon, and saw 2 of its levels.

You collected 47 gold pieces.

Inventory:

Armour
 a - a +0 robe (worn)
 g - a +1 ring mail of willpower
 l - a +1 pair of gloves (worn)
Jewellery
 k - a ring of protection from cold
Scrolls
 d - 2 scrolls of identify {unknown}
 e - a scroll of poison {unknown}
 f - a scroll of fog {unknown}
 h - 2 scrolls of fear {unknown}
 i - a scroll of brand weapon {unknown}
Potions
 b - a potion of magic
 c - a potion of degeneration
 m - a potion of heal wounds {unknown}


   Skills:
 - Level 2.1 Dodging
 - Level 2.0 Stealth
 + Level 2.5 Spellcasting
 + Level 2.8 Conjurations
 + Level 3.9 Fire Magic


You had 4 spell levels left.
You knew the following spells:

 Your Spells              Type           Power      Damage    Failure   Level
a - Foxfire               Conj/Fire      40%        2x1d6     6%          1
b - Scorch                Fire           22%        2d6       8%          2

Your spell library contained the following spells:

 Spells                   Type           Power      Damage    Failure   Level
 Magic Dart               Conj           36%        1d4       8%          1
 Inner Flame              Hex/Fire       6%         N/A       32%         3
 Call Imp                 Summ           1%         N/A       36%         2
 Kindle Blastsparks       Fire/Tloc/Air  10%        2d10      38%         3
 Mephitic Cloud           Conj/Pois/Air  4%         N/A       43%         3
 Flame Wave               Conj/Fire      10%        2d6       52%         4


Dungeon Overview and Level Annotations

Branches:
Dungeon (2/15)

Altars:

Shops:
D:1 [

Annotations:
D:2 Jessica


Innate Abilities, Weirdness & Mutations

You have a beak for a mouth.
You have claws for feet.


Message History

The foxfire hits Jessica but does no damage.
Jessica is moderately wounded.
Jessica casts a spell.
Jessica blinks!
Jessica gestures at you while chanting. Pain shoots through your body!
* * * LOW HITPOINT WARNING * * *
Unknown command.
Casting: Foxfire (safe; 5% risk of failure)
Confirm with . or Enter, or press ? or * to list all spells.
You conjure some foxfire!
Jessica points at you and mumbles some strange words.
You barely resist.
Casting: Foxfire (safe; 5% risk of failure)
Confirm with . or Enter, or press ? or * to list all spells.
You conjure some foxfire!
Jessica gestures wildly while chanting.
Jessica blinks!
The foxfire hits Jessica but does no damage.
Jessica is moderately wounded.
The foxfire hits Jessica.
Jessica is severely wounded.
The foxfire hits Jessica but does no damage.
Jessica is severely wounded.
The foxfire hits Jessica.
Jessica is almost dead.
Casting: Foxfire (safe; 5% risk of failure)
Confirm with . or Enter, or press ? or * to list all spells.
You don't have enough magic to cast this spell.
It was a potion of degeneration.
There was something very wrong with that liquid.
You feel weakened.
You feel dopey.
You feel clumsy.
Jessica grins evilly.
Jessica barely misses you.
Your magical contamination has completely faded away.
It was a potion of attraction.
You feel attractive to monsters. Jessica casts a spell at you.
Pain shoots through your body!
You die...

#.......#
####.#####
#.......#
#.#.###.#
#.#.###.#
# #..##.#
# ##.##.#
#.##@##.#
#...@...#
####)####
..######.#
.........#
#.########


You could see Jessica (fast).

Vanquished Creatures
  2 bats (D:1)
  An endoplasm (D:2)
  2 giant cockroaches (D:1)
  13 jackals
  2 quokkas (D:1)
  2 frilled lizards (D:1)
  3 goblins
  3 kobolds (D:1)
  7 rats
35 creatures vanquished.

Vanquished Creatures (others)
  150 foxfires
  2 plants (D:1)
152 creatures vanquished.

Grand Total: 187 creatures vanquished

Notes
Turn   | Place    | Note
-------+----------+-------------------------------------------
     0 | D:1      | cforsyth the Tengu Fire Elementalist began the quest for
                  | the Orb.
     0 | D:1      | Reached XP level 1. HP: 10/10 MP: 4/4
   443 | D:1      | Reached XP level 2. HP: 15/15 MP: 3/6
   547 | D:1      | Found Mievage's Antique Armour Boutique.
  1012 | D:1      | Found a faded altar of an unknown god.
  1030 | D:1      | Reached XP level 3. HP: 15/19 MP: 1/7
  1033 | D:1      | Learned a level 2 spell: Scorch
  1798 | D:2      | Noticed Jessica
  1817 | D:2      | Killed from afar by Jessica

Illustrated notes

Levels and vault maps discovered:
D:1:      tarquinn_simple_flora_water_c, layout_basic, basic_ecumenical_altar,
          serial_shops, nicolae_shop_stone
D:2:      layout_loops_cross, uniq_jessica

Skill      XL: |  1  2 |
---------------+-------+-----
Conjurations   | 2 |  2.8
Dodging        | |  2.1
Stealth        | |  2.0
Spellcasting   | |  2.5
Fire Magic     | |  3.9

Action                     || total
---------------------------++-------
  Melee: Unarmed           ||    13
         Kick              ||     6
         Peck              ||     2
   Cast: Foxfire           ||    90
    Use: Potion            ||     2
 Armour: Robe              ||     9
  Dodge: Dodged            ||    22

Table legend: (Time is in decaauts)
 A = Elapsed time spent in this place.
 B = Non-inter-level travel time spent in this place.
 C = Inter-level travel time spent in this place.
 D = Time resting spent in this place.
 E = Time spent auto-exploring this place.
 F = Levels seen in this place.
 G = Mean time per level.
                   A        B        C        D        E       F      G
               +--------+--------+--------+--------+--------+-----+--------+
         Total |   1818 |   1802 |     16 |      0 |   1536 |   2 |  909.0 |
       Dungeon |   1818 |   1802 |     16 |      0 |   1536 |   2 |  909.0 |
               +--------+--------+--------+--------+--------+-----+--------+

Top non-repeatable levels by time:
     D:1: 1495 daAuts
     D:2: 322 daAuts
